 Dungeon Crawl Stone Soup version 0.26-b1-32-g5d43845318 (webtiles) character file.

Game seed: 7262098378093259502

272524 inmateoo the Warrior (level 19, -1/178 (185) HPs)
             Began as a Minotaur Hunter on Jan 12, 2021.
             Was an Initiate of Gozag.
             Shot with an arrow by a deep elf archer (19 damage)
             ... on level 2 of the Elven Halls.
             The game lasted 01:00:59 (38431 turns).

inmateoo the Warrior (Minotaur Hunter)             Turns: 38431, Time: 01:01:00

HP:   -1/178 (185)  AC: 23    Str: 23    XL:     19   Next: 48%
MP:   28/28         EV: 18    Int:  8    God:    Gozag
Gold: 13656         SH:  0    Dex: 20    Spells: 26/32 levels left

rFire    + + .     SeeInvis +   a - +9 arbalest (freeze)
rCold    + . .     Faith    .   (shield currently unavailable)
rNeg     . . .     Spirit   .   n - +2 chain mail {Will+}
rPois    .         Reflect  .   (helmet restricted)
rElec    .         Harm     .   V - scarf {rC+ rF+}
rCorr    .         Rampage  .   P - +2 pair of gloves {Dex+3}
Will     +++..                  b - +2 pair of boots
Stlth    ..........             y - amulet of regeneration
HPRegen  0.79/turn              e - ring of willpower
MPRegen  0.21/turn              C - ring of Maxzin {rF+ Str+4 SInv Stlth-}

@: gold aura, studying Armour, lightly drained
A: retaliatory headbutt, horns 2
}: 2/15 runes: decaying, gossamer
a: Renounce Religion, Potion Petition, Call Merchant, Bribe Branch


You were on level 2 of the Elven Halls.
You worshipped Gozag.
Gozag was extremely pleased with you.
You visited 7 branches of the dungeon, and saw 34 of its levels.
You also visited: Bailey.

You collected 15979 gold pieces.
You spent 2288 gold pieces at shops.
You paid 35 gold pieces to Gozag.

Inventory:

Hand Weapons
 a - a +9 arbalest of freezing (weapon)
 T - the +9 war axe of the Sixty-Six Brambles {drain, rF++}
   (You found it on level 3 of the Spider Nest)

   A truly terrible weapon, it drains the life of those it strikes.
   It greatly protects you from fire.
 Z - a +1 triple crossbow of freezing
Missiles
 d - 391 bolts (quivered ammo)
 M - 4 throwing nets
Armour
 b - a +2 pair of boots (worn)
 n - a +2 chain mail of willpower (worn)
 u - a +2 plate armour of poison resistance
 G - a +1 cloak of preservation
 P - a +2 pair of gloves of dexterity (worn)
 V - a scarf of resistance (worn)
Jewellery
 e - a ring of willpower (left hand)
 y - an amulet of regeneration (around neck)
 C - the ring of Maxzin (right hand) {rF+ Str+4 SInv Stlth-}
   (You found it on level 5 of the Dungeon)

   [ring of protection from fire]

   It affects your strength (+4).
   It protects you from fire.
   It lets you see invisible.
   It makes you less stealthy.
 F - the ring "Lodafia" {+Inv rPois rF+ Int+2 Dex-2}
   (You bought it in a shop on level 11 of the Dungeon)

   [ring of poison resistance]

   It affects your intelligence (+2).
   It affects your dexterity (-2).
   It protects you from fire.
   It protects you from poison.
   It lets you turn invisible.
 S - an uncursed ring of protection from cold
 W - the ring "Namoocsaski" {rCorr Dex+3}
   (You found it on level 6 of the Lair of Beasts)

   [ring of resist corrosion]

   It affects your dexterity (+3).
   It provides partial protection from all sources of acid and corrosion.
Wands
 i - a wand of flame (74)
 m - a wand of iceblast (30)
 v - a wand of acid (41)
 B - a wand of disintegration (25)
 N - a wand of polymorph (26)
 Q - a wand of paralysis (17)
 R - a wand of digging (5)
Scrolls
 h - 14 scrolls of identify
 j - 6 scrolls of fear
 k - 20 scrolls of remove curse
 p - 10 scrolls of fog
 s - 4 scrolls of enchant armour
 t - 7 scrolls of teleportation
 H - a scroll of magic mapping
 J - 6 scrolls of amnesia
Potions
 c - 10 potions of ambrosia
 f - 5 potions of berserk rage
 g - 2 potions of invisibility
 l - 2 potions of cancellation
 o - 3 potions of flight
 q - 10 potions of might
 r - 5 potions of haste
 w - 6 potions of brilliance
 A - 15 potions of curing
 D - 5 potions of lignification
 E - 3 potions of resistance
 I - a potion of magic
 K - 4 potions of heal wounds
 U - 4 potions of mutation
Books
 X - a manual of Armour
Miscellaneous
 x - a condenser vane
 z - a tin of tremorstones (2/2)
 L - a phantom mirror


   Skills:
 - Level 20.0 Fighting
 - Level 15.0 Axes
 + Level 17.5 Crossbows
 + Level 16.7 Armour
 - Level 14.0 Dodging
 - Level 0.7 Stealth
 - Level 7.0 Spellcasting
 * Level 7.2 Air Magic
 * Level 9.0 Evocations


You had 26 spell levels left.
You knew the following spells:

 Your Spells              Type           Power        Failure   Level
a - Blink                 Tloc           N/A          78%         2
b - Passwall              Tmut/Erth      1%           78%         2
c - Swiftness             Air            14%          7%          2

Your spell library contained the following spells:

 Spells                   Type           Power        Failure   Level
 Shock                    Conj/Air       32%          21%         1
 Corpse Rot               Necr/Air       N/A          30%         2
 Poisonous Vapours        Pois/Air       16%          30%         2
 Airstrike                Air            7%           41%         4
 Static Discharge         Conj/Air       8%           52%         3
 Beastly Appendage        Tmut           4%           65%         1
 Corona                   Hex            2%           65%         1
 Magic Dart               Conj           8%           65%         1
 Sandblast                Erth           4%           65%         1
 Sting                    Tmut/Pois      8%           65%         1
 Mephitic Cloud           Conj/Pois/Air  6%           69%         3
 Call Imp                 Summ           2%           78%         2
 Ensorcelled Hibernation  Hex/Ice        4%           78%         2
 Slow                     Hex            2%           78%         2
 Wereblood                Tmut           2%           78%         2
 Confusing Touch          Hex            2%           95%         3
 Conjure Flame            Conj/Fire      2%           95%         3
 Dazzling Flash           Conj/Hex       4%           95%         3
 Ignite Poison            Fire/Tmut/Pois 2%           95%         3
 Spider Form              Tmut/Pois      1%           95%         3
 Stone Arrow              Conj/Erth      4%           95%         3
 Tukima's Dance           Hex            2%           95%         3
 Lightning Bolt           Conj/Air       4%           99%         5
 Animate Dead             Necr           1%           100%        4
 Ice Form                 Ice/Tmut       2%           100%        4
 Olgreb's Toxic Radiance  Pois           2%           100%        4
 Petrify                  Tmut/Erth      2%           100%        4
 Blade Hands              Tmut           1%           100%        5
 Borgnjor's Vile Clutch   Necr/Erth      1%           100%        5
 Lee's Rapid Deconstruct  Erth           1%           100%        5
 Metabolic Englaciation   Hex/Ice        1%           100%        5
 Death Channel            Necr           1%           100%        6
 Freezing Cloud           Conj/Ice/Air   3%           100%        6
 Ozocubu's Refrigeration  Ice            1%           100%        6
 Simulacrum               Ice/Necr       1%           100%        6
 Spellforged Servitor     Conj/Summ      1%           100%        7
 Tornado                  Air            7%           100%        9


Dungeon Overview and Level Annotations

Branches:
Dungeon (15/15)            Temple (0/1) D:5            Lair (6/6) D:10
  Swamp (4/4) Lair:2       Spider (4/4) Lair:4        Slime (0/5) Lair:6
    Orc (2/2) D:9             Elf (2/3) Orc:2        Vaults (1/5) D:13
 Depths (0/5) D:15         Bailey (visited)

Altars:
Ashenzari
Dithmenos
Gozag
Kikubaaqudgha
Ru
Trog
The Shining One
Jiyva

Shops:
D:5 (   D:10 [   D:11 *   D:13 (   Orc:1 =   Orc:2 (=[*   Elf:1 [   Vaults:1 (

Portals:
Ice
Cave: Elf:2


Innate Abilities, Weirdness & Mutations

You reflexively headbutt those who attack you in melee.
You have a pair of horns on your head.


Message History

The deep elf knight shoots an arrow.
The arrow completely misses you.
The deep elf archer points at you and mumbles some strange words.
You resist with almost no effort.
Unknown command.
Unknown command.
Fire: 392 bolts
Press: ? - help, Q - select action, (/) - cycle Shift-Dir - straight line, f/p - ghostly deep elf mage
Aim: a ghostly deep elf mage, wielding a +0 short sword You shoot a bolt.
The bolt closely misses the deep elf archer.
The bolt hits the ghostly deep elf mage!!
The bolt freezes the ghostly deep elf mage!
You destroy the ghostly deep elf mage!
The demonic crawler disappears in a puff of smoke!
The redback disappears in a puff of smoke!
The deep elf knight shoots an arrow.
The arrow hits you!
* * * LOW HITPOINT WARNING * * *
The deep elf archer shoots an arrow.
The arrow hits you!!
You die...
Your body crumbles into a pile of gold.

*#...#.#### **,$**,
#..§.....# **,,**,.
#e#§§.#..# ******,,**$*,
#.(§$....# **,,,,,,,,,,,,
#.#(#..§e## *,.....,,....,
#.#....§)e#######.....,,,..#,
*#.##[.e.e$[........#***##.##
##.#.(..##.######..# #...#
*#.#.(.###@#**#.#.# #...#
##.#...###.##.##.#####...#
###...(.###..##..##.......
#......(.........$..$....$
#..).......##(#..####.....
###...[##..##....# #.....
##..##.##.....^# #.....
#.>#>#*#......# ##...# ###.#*
#......# #...#


You could see a deep elf archer (repels missiles), a deep elf knight (fast) and
a deep elf mage (drained).

Vanquished Creatures
  Saint Roka (Orc:2)
  the Lernaean hydra (Swamp:4)
  Arachne (Spider:3)
  A tentacled monstrosity (Swamp:3)
  Jorgrun (D:12)
  Frances (Swamp:1)
  Roxanne (Spider:1)
  2 azure jellies (Lair:6)
  Donald (Spider:1)
  The ghost of Qemahefa the Bludgeoner, an adept GrFi of Okawaru (Swamp:2)
  An orc warlord (Orc:1)
  4 ghost moths (Spider:4)
  3 emperor scorpions (Spider:4)
  3 vault wardens (Vaults:1)
  2 ironheart preservers (Vaults:1)
  A deep elf demonologist (Elf:1)
  Nessos (Lair:5)
  4 entropy weavers
  4 bunyips
  A minotaur (shapeshifter) (Elf:1)
  2 eleionomae
  A deep elf annihilator (Elf:1)
  A fire dragon (Lair:6)
  2 yaktaur captains (Vaults:1)
  2 deep elf death magi (Elf:2)
  Josephine (D:11)
  Fannar (D:12)
  An ogre mage (Vaults:1)
  Erolcha (D:10)
  25 hydras
  7 boulder beetles
  Harold (Lair:1)
  6 centaur warriors
  3 ghost crabs
  A catoblepas (Lair:5)
  4 vault guards (Vaults:1)
  5 two-headed ogres
  Erica (D:11)
  8 alligators
  6 death yaks (Lair:6)
  A queen ant (Lair:3)
  A vampire mage (D:15)
  Urug (Lair:3)
  A death knight (D:12)
  4 orc high priests (Orc:2)
  3 tengu warriors
  Nergalle (Lair:2)
  6 goliath frogs
  6 deep elf knights
  3 unseen horrors
  2 flayed ghosts (Vaults:1)
  A golden dragon zombie (D:15)
  A deep troll (shapeshifter) (D:15)
  8 skeletal warriors
  8 bog bodies
  3 spriggan druids
  A glowing orange brain (Vaults:1)
  6 ironbrand convokers (Vaults:1)
  A spectral hydra (Swamp:3)
  A lindwurm (Lair:6)
  The ghost of Dirian the Cleaver, a novice HOMo (D:6)
  5 deep elf archers
  2 wolf spider zombies (D:15)
  A phantasmal warrior (D:11)
  10 swamp dragons
  An orb spider (shapeshifter) (Vaults:1)
  A necromancer (D:15)
  8 orc knights
  6 harpies (Vaults:1)
  31 wolf spiders
  The ghost of kuzco6543 the Spear-Bearer, a novice MfGl of Qazlal (D:6)
  16 orb spiders
  30 deep elf magi
  2 cyclopes
  6 ugly things
  6 orc sorcerers
  4 will-o-the-wisps
  2 moths of wrath
  15 elephants
  An ice statue (Lair:6)
  3 black mambas
  6 torpor snails
  5 vault sentinels (Vaults:1)
  18 yaktaurs
  9 cane toads
  A gargoyle (D:14)
  5 rime drakes
  2 redback zombies
  6 centaur skeletons
  A yaktaur (shapeshifter) (Elf:1)
  2 kobold demonologists
  2 freezing wraiths (Vaults:1)
  An ice devil (Lair:6)
  8 komodo dragons
  7 demonic crawlers
  6 trolls
  A queen bee (shapeshifter) (Vaults:1)
  A troll (shapeshifter) (Vaults:1)
  3 meliai (D:14)
  A tengu conjurer (D:14)
  24 jumping spiders
  13 polar bears
  Grinder (D:6)
  A bloated husk (Swamp:2)
  A tengu simulacrum (Vaults:1)
  11 tyrant leeches
  21 blink frogs
  15 hornets
  A spectral swamp dragon (Swamp:3)
  4 raiju (Lair:6)
  11 slime creatures
  A deep troll zombie (D:15)
  An ettin zombie (D:15)
  60 redbacks
  3 spriggans
  A vampire (D:11)
  3 shadows
  The ghost of emiel the Ruffian, an amateur TrDe of Gozag (D:4)
  2 air elementals
  30 tarantellas
  A deep troll skeleton (D:15)
  3 water elementals (Elf:2)
  10 wyverns
  A hog (Lair:1)
  11 wraiths
  2 steam dragons
  45 yaks
  2 fire elementals
  14 vampire mosquitoes
  3 basilisks
  10 swamp worms
  Edmund (D:6)
  An acid dragon (D:11)
  A two-headed ogre zombie (D:9)
  6 wargs
  2 hydra simulacra (Swamp:3)
  19 water moccasins
  8 soldier ants (Lair:3)
  38 orc warriors
  13 black bears
  13 hell hounds (Lair:6)
  5 sky beasts
  2 necrophages
  13 swamp drakes
  2 eyes of draining
  9 ice beasts
  4 phantoms
  17 wolves (Lair:6)
  11 ogres
  4 boggarts (Vaults:1)
  16 centaurs
  4 big kobolds
  21 bullfrogs
  2 gnoll sergeants
  2 wyvern zombies (D:11)
  An earth elemental (Elf:1)
  3 scorpions
  3 wyvern skeletons
  2 troll zombies (D:9)
  A water moccasin skeleton (D:8)
  A human simulacrum (Vaults:1)
  5 killer bees (D:7)
  13 wights
  4 howler monkeys
  3 electric eels
  5 crimson imps (D:13)
  2 bullfrog zombies
  8 centaur zombies
  A quasit (D:12)
  26 orc priests
  5 hounds
  2 jellies
  32 orc wizards
  4 bullfrog skeletons
  4 iguanas
  4 hell rats (Lair:6)
  35 worker ants
  5 ogre zombies (D:9)
  3 hound zombies
  A hound skeleton (D:9)
  A worker ant zombie (D:7)
  A howler monkey zombie (D:9)
  A gnoll zombie (D:8)
  15 adders
  14 gnolls
  14 orc zombies
  4 shadow imps
  10 white imps
  An ooze (D:2)
  An adder skeleton (D:8)
  4 worms
  8 leopard geckos
  94 orcs
  9 giant cockroaches
  13 goblins
  8 hobgoblins
  11 jackals
  4 quokkas
  5 ball pythons
  7 bats
  6 frilled lizards
  3 goblin skeletons (D:9)
  3 goblin zombies (D:9)
  2 hobgoblin skeletons (D:9)
  2 hobgoblin zombies (D:9)
  A jackal skeleton (D:4)
  32 kobolds
  3 orc skeletons (D:9)
  A quokka skeleton (D:4)
  A quokka zombie (D:10)
  3 rats
1386 creatures vanquished.

Vanquished Creatures (others)
  A hydra (Swamp:4)
  11 dancing weapons
  A human (D:6)
  4 foxfires (Swamp:3)
  30 fungi
  54 plants
  8 withered plants
109 creatures vanquished.

Grand Total: 1495 creatures vanquished

Notes
Turn   | Place    | Note
-------+----------+-------------------------------------------
     0 | D:1      | inmateoo the Minotaur Hunter began the quest for the Orb.
     0 | D:1      | Reached XP level 1. HP: 18/18 MP: 0/0
   327 | D:1      | Reached XP level 2. HP: 25/25 MP: 1/1
  1094 | D:2      | Reached skill level 1 in Armour
  1094 | D:2      | Reached XP level 3. HP: 30/30 MP: 2/2
  1103 | D:2      | Reached skill level 1 in Axes
  1113 | D:1      | Reached skill level 5 in Crossbows
  1395 | D:2      | Reached skill level 3 in Fighting
  1626 | D:2      | Reached XP level 4. HP: 27/38 MP: 3/3
  2050 | D:3      | Found a transporter.
  2070 | D:3      | Found a transporter.
  2530 | D:3      | Found a sacrificial altar of Ru.
  2530 | D:3      | Found a glowing golden altar of the Shining One.
  2531 | D:3      | Found an opulent altar of Gozag.
  2690 | D:3      | Became a worshipper of Gozag Ym Sagoz the Greedy
  2872 | D:3      | Found a broken altar of Ashenzari.
  2980 | D:4      | Noticed an ogre
  3134 | D:3      | Reached XP level 5. HP: 34/45 MP: 4/4
  3571 | D:4      | Reached skill level 4 in Fighting
  3838 | D:3      | Reached XP level 6. HP: 30/52 MP: 5/5
  4253 | D:4      | Found a runed translucent gate.
  4539 | D:4      | Reached XP level 7. HP: 33/60 MP: 6/6
  4748 | D:4      | Found a runed translucent gate.
  4748 | D:4      | Found a runed translucent gate.
  4748 | D:4      | Found an opulent altar of Gozag.
  4749 | D:4      | Noticed a kobold demonologist
  4749 | D:4      | Noticed emiel's ghost (amateur TrDe)
  4813 | D:5      | Entered Level 5 of the Dungeon
  4824 | D:5      | Found Zaaxiaxt's Antique Weapon Shoppe.
  4827 | D:5      | Bought a glowing arbalest for 157 gold pieces
  4827 | D:5      | Bought a glowing arbalest for 157 gold pieces
  4941 | D:5      | Found a staircase to the Ecumenical Temple.
  5006 | D:5      | Bought a runed war axe for 136 gold pieces
  5110 | D:5      | Got a slimy golden ring
  5213 | D:5      | Identified the ring of Maxzin {rF+ Str+4 SInv Stlth-} (You
                  | found it on level 5 of the Dungeon)
  5230 | D:5      | Reached skill level 14 in Fighting
  5230 | D:5      | Reached XP level 8. HP: 90/90 MP: 7/7
  5290 | D:6      | Noticed Edmund
  5294 | D:6      | Killed Edmund
  5307 | D:6      | Reached skill level 5 in Axes
  5402 | D:6      | Found an ancient bone altar of Kikubaaqudgha.
  5535 | D:6      | Found a runed translucent gate.
  5557 | D:6      | Noticed Grinder
  5561 | D:6      | Killed Grinder
  5562 | D:6      | Reached XP level 9. HP: 96/96 MP: 8/8
  5642 | D:6      | Found a runed translucent gate.
  5642 | D:6      | Found a runed translucent gate.
  5642 | D:6      | Noticed kuzco6543's ghost (novice MfGl)
  5643 | D:6      | Noticed Dirian's ghost (novice HOMo)
  5785 | D:7      | Reached skill level 5 in Dodging
  5970 | D:7      | Reached skill level 5 in Armour
  6962 | D:8      | Found a transporter.
  7064 | D:8      | Found a flagged portal.
  7087 | Bailey   | Entered a bailey
  7204 | Bailey   | Reached XP level 10. HP: 78/104 MP: 9/9
  7244 | Bailey   | Found an iron altar of Okawaru.
  7487 | D:8      | Found a transporter.
  7818 | D:9      | Found a staircase to the Orcish Mines.
  8350 | D:9      | Found a shadowy altar of Dithmenos.
  8594 | D:9      | Reached XP level 11. HP: 111/111 MP: 10/10
  9056 | D:10     | Entered Level 10 of the Dungeon
  9206 | D:10     | Reached skill level 10 in Axes
  9425 | D:10     | Found Gounool's Armour Shoppe.
  9473 | D:10     | Bought a +2 pair of gloves for 165 gold pieces
  9473 | D:10     | Bought a +2 chain mail of cold resistance for 215 gold
                  | pieces
  9521 | D:10     | Found a staircase to the Lair.
  9596 | D:10     | Noticed Erolcha
  9601 | D:10     | Killed Erolcha
 10001 | D:11     | Reached skill level 15 in Fighting
 10377 | D:11     | Got a scorched spear
 10380 | D:11     | Identified the +4 spear of Judgement {drain, rC+ Int+2}
                  | (You found it on level 11 of the Dungeon)
 10523 | D:11     | Found Aforish's Serpentskin Sales.
 10537 | D:11     | Bought the ring "Lodafia" {+Inv rPois rF+ Int+2 Dex-2} for
                  | 656 gold pieces
 10607 | D:11     | Noticed Erica
 10614 | D:11     | Killed Erica
 10683 | D:12     | Noticed a boulder beetle
 10743 | D:12     | Noticed a death knight
 10744 | D:12     | Noticed a phantasmal warrior
 10759 | D:11     | Killed a phantasmal warrior
 10760 | D:11     | Reached skill level 10 in Crossbows
 10760 | D:11     | Reached skill level 10 in Armour
 10976 | D:11     | Reached XP level 12. HP: 113/119 MP: 11/11
 11347 | D:12     | Killed a death knight
 11431 | D:12     | Noticed a two-headed ogre
 11436 | D:12     | Killed a two-headed ogre
 11596 | D:12     | Noticed Josephine
 11597 | D:12     | Noticed Jorgrun
 11745 | D:12     | Killed a boulder beetle
 11754 | D:11     | Killed Josephine
 11974 | D:12     | Killed Jorgrun
 12096 | D:12     | Noticed Fannar
 12134 | D:12     | Killed Fannar
 12135 | D:12     | Reached skill level 16 in Fighting
 12648 | D:13     | Noticed a centaur warrior
 12651 | D:13     | Killed a centaur warrior
 12660 | D:13     | Reached XP level 13. HP: 89/129 MP: 12/12
 12869 | D:13     | Found a gate to the Vaults.
 13134 | D:13     | Reached skill level 10 in Dodging
 13212 | D:13     | Found Qaov's Weapon Boutique.
 13798 | D:14     | Got an encrusted scimitar
 13799 | D:14     | Identified the cursed +0 scimitar "Evola Nugyng" {venom,
                  | rF+ rC+ Str-3 Dex+4} (You found it on level 14 of the
                  | Dungeon)
 14415 | D:14     | Reached skill level 17 in Fighting
 14763 | D:15     | Entered Level 15 of the Dungeon
 14798 | D:15     | Found a staircase to the Depths.
 15664 | D:15     | Reached XP level 14. HP: 141/141 MP: 13/13
 15672 | D:15     | Reached skill level 18 in Fighting
 16332 | Lair:1   | Entered Level 1 of the Lair of Beasts
 16413 | Lair:1   | Reached skill level 15 in Crossbows
 16469 | Lair:1   | Noticed Sonja
 16470 | Lair:1   | Noticed Sonja
 16470 | Lair:1   | Sonja changed into Sonja the hog
 16475 | Lair:1   | Killed Sonja the hog
 16651 | Lair:1   | Got a bloodstained spear
 16652 | Lair:1   | Identified the +6 spear of the Six Nightcaps {vorpal,
                  | Dex+2} (You found it on level 1 of the Lair of Beasts)
 16689 | Lair:1   | Identified the Reference Book on Summoning and Feathers
 16787 | Lair:1   | Noticed Harold
 16802 | Lair:1   | Killed Harold
 17183 | Lair:2   | Noticed Nergalle
 17197 | Lair:2   | Killed Nergalle
 17843 | Lair:2   | Found a staircase to the Swamp.
 18223 | Lair:3   | You fall into a shaft and drop 3 floors!
 18223 | Lair:6   | Entered Level 6 of the Lair of Beasts
 18278 | Lair:6   | Found a runed translucent door.
 18278 | Lair:6   | Found a viscous altar of Jiyva.
 18278 | Lair:6   | Found a staircase to the Slime Pits.
 18278 | Lair:6   | Noticed an azure jelly
 18278 | Lair:6   | Noticed an azure jelly
 18870 | Lair:6   | Reached XP level 15. HP: 137/150 MP: 14/14
 18978 | Lair:6   | Got a sparkling marble ring
 19347 | Lair:6   | Identified the ring "Namoocsaski" {rCorr Dex+3} (You found
                  | it on level 6 of the Lair of Beasts)
 19378 | Lair:6   | Got a twisted scale mail
 19454 | Lair:6   | Identified the cursed +0 scale mail of the Moon Troll
                  | {Will++ Dex+2} (You found it on level 6 of the Lair of
                  | Beasts)
 19505 | Lair:6   | Found a runed translucent door.
 19985 | Lair:5   | Noticed Nessos
 19989 | Lair:5   | Killed Nessos
 21141 | Lair:4   | Found a broken altar of Ashenzari.
 21472 | Lair:4   | Found a hole to the Spider Nest.
 21683 | Lair:4   | Identified a scroll of acquirement
 21683 | Lair:4   | Acquired a manual of Armour
 22010 | Lair:3   | Noticed Urug
 22016 | Lair:3   | Killed Urug
 22736 | Orc:1    | Entered Level 1 of the Orcish Mines
 22877 | Orc:2    | Entered Level 2 of the Orcish Mines
 22877 | Orc:2    | Found a staircase to the Elven Halls.
 22894 | Orc:1    | Found Olaecigh's Jewellery Shop.
 23251 | Orc:2    | Noticed Saint Roka
 23479 | Orc:2    | Killed Saint Roka
 23480 | Orc:2    | Reached XP level 16. HP: 115/159 MP: 15/15
 23996 | Orc:2    | Reached skill level 19 in Fighting
 24077 | Orc:2    | Found Isynual's General Store.
 24077 | Orc:2    | Found Cimmoul's Jewellery Emporium.
 24080 | Orc:2    | Found Ickaror's Antique Armour Emporium.
 24080 | Orc:2    | Found Fuidiluu's Antique Weapon Shoppe.
 24233 | Orc:2    | Found a bloodstained altar of Trog.
 24456 | Orc:2    | Bought a scroll of enchant weapon for 120 gold pieces
 24456 | Orc:2    | Bought a scroll of fog for 32 gold pieces
 24456 | Orc:2    | Bought a potion of berserk rage for 80 gold pieces
 24466 | Orc:2    | Bought a glowing triple crossbow for 338 gold pieces
 24733 | Spider:1 | Entered Level 1 of the Spider Nest
 24735 | Spider:1 | Noticed Roxanne
 24749 | Spider:1 | Killed Roxanne
 24871 | Spider:1 | Learned a level 2 spell: Blink
 24874 | Spider:1 | Learned a level 2 spell: Passwall
 24877 | Spider:1 | Learned a level 2 spell: Swiftness
 25405 | Spider:1 | Noticed Donald
 25415 | Spider:1 | Killed Donald
 25416 | Spider:1 | Reached skill level 1 in Spellcasting
 25416 | Spider:1 | Reached skill level 1 in Air Magic
 26669 | Spider:3 | Got a faintly glowing war axe
 26670 | Spider:3 | Identified the +9 war axe of the Sixty-Six Brambles {drain,
                  | rF++} (You found it on level 3 of the Spider Nest)
 27031 | Spider:3 | Noticed Arachne
 27048 | Spider:3 | Killed Arachne
 28134 | Spider:4 | Entered Level 4 of the Spider Nest
 28276 | Spider:4 | Reached skill level 1 in Evocations
 28276 | Spider:4 | Reached XP level 17. HP: 124/168 MP: 18/20
 30128 | Spider:4 | Reached skill level 15 in Axes
 30403 | Spider:4 | Got a gossamer rune of Zot
 30742 | Vaults:1 | Entered Level 1 of the Vaults
 30742 | Vaults:1 | Found Xarak's Weapon Emporium.
 32169 | Vaults:1 | Reached skill level 5 in Air Magic
 32274 | Vaults:1 | Reached skill level 5 in Evocations
 32275 | Vaults:1 | Reached XP level 18. HP: 123/177 MP: 24/24
 32543 | Vaults:1 | Reached skill level 5 in Spellcasting
 33364 | Swamp:1  | Entered Level 1 of the Swamp
 33549 | Swamp:1  | Noticed Frances
 33562 | Swamp:1  | Killed Frances
 33563 | Swamp:1  | Reached skill level 15 in Armour
 34419 | Swamp:3  | Noticed a tentacled monstrosity
 34428 | Swamp:3  | Killed a tentacled monstrosity
 34710 | Swamp:3  | Found a transporter.
 34710 | Swamp:3  | Noticed Qemahefa's ghost (adept GrFi)
 34714 | Swamp:3  | Found a transporter.
 35293 | Swamp:2  | Killed Qemahefa's ghost
 35495 | Swamp:3  | Identified the cursed +0 pair of gloves of Filth {Will-
                  | Regen+ rCorr Str+4} (You found it on level 3 of the Swamp)
 35527 | Swamp:4  | Entered Level 4 of the Swamp
 35568 | Swamp:4  | Reached skill level 20 in Fighting
 35758 | Swamp:4  | Noticed the 27-headed Lernaean hydra
 35764 | Swamp:4  | Killed the 27-headed Lernaean hydra
 36166 | Swamp:4  | Reached XP level 19. HP: 163/185 MP: 27/27
 36228 | Swamp:4  | Got a decaying rune of Zot
 36711 | D:4      | Killed emiel's ghost
 36771 | D:6      | Killed kuzco6543's ghost
 36774 | D:6      | Killed Dirian's ghost
 37400 | Elf:1    | Entered Level 1 of the Elven Halls
 37896 | Elf:1    | Found Huybess's Antique Armour Boutique.
 37901 | Elf:1    | Bought a pair of glowing gloves for 232 gold pieces
 38003 | Elf:1    | Found an ancient bone altar of Kikubaaqudgha.
 38400 | Elf:2    | Found a frozen archway.
 38431 | Elf:2    | Shot with an arrow by a deep elf archer

Illustrated notes

Levels and vault maps discovered:
D:1:      minmay_arrival_shattered_statue, layout_basic
D:2:      layout_loops_cross, minmay_worlds_worst_comb
D:3:      gammafunk_wand_slinger, layout_loops_corners, lemuel_crystal_altar,
          gammafunk_temple_overflow_forgotten
D:4:      layout_cave_pools, ebering_ghost_gozag
D:5:      layout_cave_pools, minmay_temple_entry_gardened_gates, serial_shops,
          nicolae_shop_behind_doors, st_stairs_4
D:6:      layout_cave_pools, gammafunk_ghost_cemetery, tgw_kikubaaqudgha,
          uniq_edmund, uniq_grinder
D:7:      layout_basic, minivault_14, hangedman_abyss_or_decor_stabs
D:8:      gammafunk_cloud_chamber, layout_cave_pools, enter_bailey_3
D:9:      minmay_chambers_of_sixes, layout_gridville, zombieorc2_lemuel,
          serial_co_window_serial, co_window_paths_a, co_window_paths_a,
          co_window_of_opportunity_a, co_window_of_opportunity_a,
          co_window_paths_b, co_window_2corner, co_window_broadway_c,
          co_window_corner_ca, co_window_paths_e,
          grunt_dithmenos_smoke_and_mirrors
D:10:     layout_irregular_city, lair_entry_dummy, serial_shops, shop,
          uniq_erolcha
D:11:     layout_irregular_city, guppyfry_shop_venom, uniq_erica
D:12:     layout_cave_pools, uniq_josephine, uniq_fannar, uniq_jorgrun
D:13:     layout_basic, hangedman_vaults_entry_quadrant_bands, serial_shops,
          shop, minmay_nine_imps
D:14:     layout_irregular_city, infiniplex_staircase_zigzag_5
D:15:     gammafunk_depths_entry_grave, layout_irregular_city,
          hangedman_abyss_or_decor_passed, evilmike_butchery
Lair:1:   layout_chaotic_city, minivault_25, uniq_sonja, uniq_harold
Lair:2:   layout_cave_pods, swamp_mist, uniq_nergalle
Lair:3:   layout_small_grid, zaba_antful_of_joy, serial_bayou_shore_b, uniq_urug
Lair:4:   layout_regular_city, spider_nest_entry_web_field, basic_altar
Lair:5:   layout_layer_cave, grunt_megastairs_5, infiniplex_staircase_pool,
          lemuel_fruit_tree, uniq_nessos
Lair:6:   wormcave, layout_loops_ring, hangedman_lair_caniforms_friends,
          slime_altar_2, ice2_lemuel
Swamp:1:  layout_falls_marsh, nicolae_swamp_triple_paths, uniq_frances
Swamp:2:  layout_basic_swamp, evilmike_swamp_ruin_house_2, swamp_pool3
Swamp:3:  layout_falls_marsh, gammafunk_ghost_mausoleum,
          hangedman_swamp_ruin_wall, swamp_pool1, nicolae_swamp_round_clearing
Swamp:4:  swamp_basic_johnstein, layout_basic_swamp
Spider:1: layout_spider_delve, einodemon_crawler_minivault,
          hangedman_spider_tarantella_strand, uniq_roxanne, uniq_donald
Spider:2: layout_spider_delve
Spider:3: layout_chambers, uniq_arachne
Spider:4: grunt_spider_rune_parallel
Orc:1:    layout_caves, minmay_shop_enchanted_jewellery
Orc:2:    st_orc_congregation, layout_caves, basic_altar, uniq_saint_roka
Elf:1:    layout_loops_cross, basic_altar, serial_shops, nicolae_shop_crystal,
          hangedman_corner_corridor
Elf:2:    layout_rooms, portal_ice_cave_entry_pillars_1
Vaults:1: nicolae_vaults_angled_halls, nicolae_vaults_holding_cells, v_misc_11,
          v_misc_10, vaults_mumra_chevron_long, v_misc_24, v_misc_28,
          nicolae_vaults_little_squares_6, ontoclasm_vaults_decontamination,
          nicolae_vaults_disjoint_gnomons, v_alt_pattern_1,
          ontoclasm_vaults_idyll, ontoclasm_vaults_bender, v_alt_pattern_1,
          v_pattern_3, v_misc_2, nicolae_vaults_little_squares_6,
          layout_vaults_omnibox, serial_shops, shop

Skill      XL: |  1  2  3  4  5  6  7  8  9 10 11 12 13 14 15 16 17 18 19 |
---------------+----------------------------------------------------------+-----
Armour         | 1 2 3 4 5 7 10 12 13 14 16 | 16.7
Axes           | 1 2 3 4 5 7 9 10 11 13 14 15 | 15.0
Crossbows      | 5 6 7 10 11 13 15 16 17 | 17.5
Fighting       | 3 4 14 15 16 17 18 19 20 | 20.0
Dodging        | 3 4 5 6 7 9 10 11 13 14 | 14.0
Spellcasting   | 2 4 6 7 |  7.0
Air Magic      | 2 5 6 7 |  7.2
Evocations     | 1 5 7 9 |  9.0
Stealth        | |  0.7

Action                   |  1- 3 |  4- 6 |  7- 9 | 10-12 | 13-15 | 16-18 | 19-21 || total
-------------------------+-------+-------+-------+-------+-------+-------+-------++-------
Melee: Short sword       |    96 |    24 |       |       |       |       |       ||   120
       Headbutt          |    10 |    16 |    11 |    31 |     3 |    32 |    19 ||   122
       Hand axe          |       |   108 |     3 |       |       |       |       ||   111
       War axe           |       |       |    45 |   119 |    15 |   150 |    59 ||   388
 Fire: Hand crossbow     |    10 |    42 |       |       |       |       |       ||    52
       Arbalest          |       |       |   135 |   488 |  1160 |  1177 |   184 ||  3144
Evoke: Wand              |       |       |    10 |     1 |     1 |       |       ||    12
       Condenser vane    |       |       |       |       |       |     1 |       ||     1
  Use: Scroll            |     4 |     1 |     9 |    11 |    20 |     7 |     4 ||    56
       Potion            |       |       |     1 |       |     2 |     1 |     2 ||     6
 Stab: Sleeping          |     1 |       |       |       |       |       |       ||     1
       Distracted        |       |       |       |     3 |     1 |     3 |     4 ||    11
Armor: Leather armour    |    25 |    13 |       |       |       |       |       ||    38
       Ring mail         |       |    42 |       |       |       |       |       ||    42
       Chain mail        |       |    22 |    30 |   125 |   278 |   142 |    50 ||   647
       Plate armour      |       |       |    73 |   109 |       |   304 |    34 ||   520
Dodge: Dodged            |    84 |   108 |    98 |   218 |   392 |   560 |    91 ||  1551
